 Dungeon Crawl Stone Soup version 0.30-a0-793-g160f7cfddd (webtiles) character file.

Game seed: 16649033951750545430

210 Farfigtubin the Sneak (level 6, -11/38 HPs)
             Began as a Kobold Brigand on Feb 20, 2023.
             Mangled by Menkaure (17 damage)
             ... on level 5 of the Dungeon.
             The game lasted 00:09:14 (1144 turns).

Farfigtubin the Sneak (Kobold Brigand)              Turns: 1144, Time: 00:09:15

Health: -11/38     AC:  3    Str:  9    XL:     6   Next: 12%
Magic:  6/6        EV: 14    Int: 12    God:
Gold:   66         SH:  0    Dex: 18    Spells: 5/5 levels left

rFire   . . .      SeeInvis .    a - +2 dagger
rCold   . . .      Faith    .    (no shield)
rNeg    . . .      Spirit   .    b - +0 robe
rPois   .          Reflect  .    (no helmet)
rElec   .          Harm     .    c - +0 cloak
rCorr   .          Rampage  .    (no gloves)
Will    .....                    (no boots)
Stlth   +++++                    (no amulet)
HPRegen 0.26/turn                (no ring)
MPRegen 0.10/turn                (no ring)

@: no status effects
A: small, no large weapons, nightstalker 3
a: no special abilities


You were on level 5 of the Dungeon.
You visited 1 branch of the dungeon, and saw 6 of its levels.

You collected 66 gold pieces.

Inventory:

Hand Weapons
 a - a +2 dagger (weapon)
Missiles
 d - 9 poisoned darts (quivered)
 e - a curare-tipped dart
 i - 2 atropa-tipped darts
Armour
 b - a +0 robe (worn)
 c - a +0 cloak (worn)
Scrolls
 g - a scroll of teleportation {unknown}
 h - a scroll of poison {unknown}
 j - a scroll of immolation {unknown}
 k - 3 scrolls of amnesia {unknown}
Potions
 f - a potion of heal wounds {unknown}
 l - a potion of curing {unknown}


   Skills:
 + Level 3.7 Fighting
 + Level 4.5 Short Blades
 - Level 2.2 Throwing
 - Level 1.2 Dodging
 * Level 7.8 Stealth


You had 5 spell levels left.
You didn't know any spells.
Your spell library contained the following spells:

 Spells                   Type           Power      Damage    Failure   Level
 Magic Dart               Conj           0%         1d3       32%         1
 Call Imp                 Summ           0%         N/A       45%         2
 Mephitic Cloud           Conj/Pois/Air  0%         N/A       69%         3


Dungeon Overview and Level Annotations

Branches:
Dungeon (6/15)
 Temple: D:4-7

Altars:

Annotations:
D:4 Robin
D:5 Menkaure


Innate Abilities, Weirdness & Mutations

You are small and have problems with some larger weapons.
You are completely attuned to the shadows.


Message History

Menkaure shouts!
Throw: 3 darts (curare)
Press: ? - help, Shift-Dir - straight line, f - Menkaure
Aim: Menkaure (77% to hit)
You throw a curare-tipped dart.
The curare-tipped dart barely misses Menkaure.
Throw: 2 darts (curare)
Press: ? - help, Shift-Dir - straight line, f/p - Menkaure
Aim: Menkaure (77% to hit)
You throw a curare-tipped dart. The curare-tipped dart hits Menkaure.
Menkaure completely misses you.
You hit Menkaure.
Menkaure is lightly damaged.
You hit Menkaure.
Menkaure is lightly damaged.
Menkaure hits you!
You hit Menkaure.
Menkaure is moderately damaged.
You hit Menkaure but do no damage.
Menkaure is moderately damaged.
Menkaure closely misses you.
You hit Menkaure.
Menkaure is moderately damaged.
Menkaure hits you!!
Ouch! That really hurt!
* * * LOW HITPOINT WARNING * * *
You are too injured to fight recklessly!
You are too injured to fight recklessly!
You are too injured to fight recklessly!
You are too injured to fight recklessly!
You are too injured to fight recklessly!
You are too injured to fight recklessly!
You are too injured to fight recklessly!
You are too injured to fight recklessly!
You hit Menkaure but do no damage.
Menkaure is moderately damaged.
You hit Menkaure but do no damage.
Menkaure is moderately damaged.
Menkaure hits you!
You die...

#####..## ##.#
##.......###
...#..## ##..#
#....#....##
.....#####...##
##.######...
......##......#
#.# ###.
....#.....##..##
#.# ##
..####...###...##
..# # .# ##..#
#..... #
#..###..... #
#)....@.### #
...#.M### #.
#..## ... #...##
.## #....M###
#..###...# #..
##....# ##....
.#..


You could see Menkaure.

Vanquished Creatures
  An ogre (D:4)
  A necrophage (D:4)
  A jelly (D:5)
  A gnoll (D:5)
  4 orcs (D:4)
  4 ball pythons
  An endoplasm (D:3)
  A giant cockroach (D:3)
  2 goblins
  2 jackals (D:4)
  3 kobolds
  A frilled lizard (D:3)
  A rat (D:3)
23 creatures vanquished.

Vanquished Creatures (others)
  14 plants (D:2)
14 creatures vanquished.

Grand Total: 37 creatures vanquished

Notes
Turn   | Place    | Note
-------+----------+-------------------------------------------
     0 | D:1      | Farfigtubin the Kobold Brigand began the quest for the Orb.
     0 | D:1      | Reached XP level 1. HP: 12/12 MP: 1/1
   405 | D:3      | Reached XP level 2. HP: 18/18 MP: 2/2
   491 | D:4      | Noticed a necrophage
   493 | D:4      | Killed a necrophage
   494 | D:4      | Reached skill level 6 in Stealth
   494 | D:4      | Reached XP level 3. HP: 23/23 MP: 3/3
   494 | D:4      | Reached XP level 4. HP: 28/28 MP: 4/4
   538 | D:4      | Noticed an ogre
   546 | D:4      | Killed an ogre
   547 | D:4      | Reached skill level 7 in Stealth
   547 | D:4      | Reached XP level 5. HP: 32/32 MP: 5/5
   728 | D:4      | Identified the +6 flail of Mehier {flame, rCorr Str-3
                  | Stlth+}
   761 | D:4      | Noticed a black bear
   793 | D:4      | Noticed Robin
   801 | D:5      | Entered Level 5 of the Dungeon
   917 | D:5      | Reached XP level 6. HP: 37/37 MP: 6/6
  1127 | D:5      | Noticed Menkaure
  1144 | D:5      | Mangled by Menkaure

Illustrated notes

Levels and vault maps discovered:
D:1:      psy_arrival_terrarium, layout_basic
D:2:      layout_basic, serial_bayou, serial_bayou_pond_c,
          serial_bayou_lagoon_a, serial_bayou_shore_a, serial_bayou_shore_b,
          serial_bayou_pond_d, serial_bayou_pond_a, minmay_misc_feat_enclosed
D:3:      layout_loops_cross, uniq_terence, uniq_jessica, uniq_sigmund
D:4:      layout_cave_pools, lemuel_coloured_pillars_altar, uniq_robin
D:5:      layout_layer_cave, minmay_temple_entry_arrows, uniq_menkaure,
          uniq_edmund
D:6:      layout_loops_ring, lemuel_tele_altar,
          chequers_temple_overflow_statue_of_worship,
          nicolae_elevator_lobby_asterisk, uniq_pikel, uniq_duvessa

Skill      XL: |  1  2  3  4 |
---------------+-------------+-----
Short Blades   | 3 4 |  4.5
Fighting       | 3 |  3.7
Stealth        | 6 7 |  7.8
Throwing       | |  2.2
Dodging        | |  1.2

Action                     |  1- 3 |  4- 6 || total
---------------------------+-------+-------++-------
  Melee: Dagger            |    26 |    28 ||    54
  Throw: Dart              |       |     2 ||     2
   Stab: Sleeping          |     3 |    11 ||    14
 Armour: Robe              |     4 |       ||     4
  Dodge: Dodged            |    10 |    11 ||    21

Table legend: (Time is in decaauts)
 A = Elapsed time spent in this place.
 B = Non-inter-level travel time spent in this place.
 C = Inter-level travel time spent in this place.
 D = Time resting spent in this place.
 E = Time spent auto-exploring this place.
 F = Levels seen in this place.
 G = Mean time per level.
                   A        B        C        D        E       F      G
               +--------+--------+--------+--------+--------+-----+--------+
         Total |   1133 |   1133 |      0 |    232 |      0 |   6 |  188.8 |
       Dungeon |   1133 |   1133 |      0 |    232 |      0 |   6 |  188.8 |
               +--------+--------+--------+--------+--------+-----+--------+

Top non-repeatable levels by time:
     D:5: 335 daAuts
     D:4: 310 daAuts
     D:1: 206 daAuts
     D:2: 173 daAuts
     D:3: 104 daAuts
     D:6: 3 daAuts
